 Dungeon Crawl Stone Soup version 0.31-a0-267-g3fc6992b3b (webtiles) character file.

Game seed: 13916050484949504260

353 qw the Shooter (level 6, -1/52 HPs)
             Began as a Minotaur Hexslinger on July 14, 2023.
             Succumbed to a scorpion's poison
             ... on level 4 of the Dungeon.
             The game lasted 00:01:09 (2905 turns).

qw the Shooter (Minotaur Hexslinger)                Turns: 2905, Time: 00:01:09

Health: -1/52      AC:  4    Str: 13    XL:     6   Next: 35%
Magic:  6/6        EV: 12    Int: 10    God:
Gold:   124        SH:  0    Dex: 14    Spells: 6/7 levels left

rFire   . . .        Y - +1 sling
rCold   . . .        (no shield)
rNeg    . . .        g - +0 leather armour
rPois   .            (helmet restricted)
rElec   .            b - +0 cloak
rCorr   .            (no gloves)
SInv    .            (no boots)
Will    .....        (no amulet)
Stlth   +            (no ring)
HPRegen 0.28/turn    (no ring)
MPRegen 0.10/turn

%: no passive effects
@: lethally poisoned (-1 -> -13)
A: horns 2, retaliatory headbutt
a: no special abilities


You were on level 4 of the Dungeon.
You visited 1 branch of the dungeon, and saw 4 of its levels.

You collected 124 gold pieces.


Innate Abilities, Weirdness & Mutations

You have a pair of horns on your head.
You reflexively headbutt those who attack you in melee.


   Skills:
 - Level 4.3 Fighting
 + Level 6.1 Ranged Weapons
 - Level 1.3 Armour
 - Level 2.1 Dodging
 - Level 1.0 Spellcasting
 - Level 2.0 Hexes


You had 6 spell levels left.
You knew the following spells:

 Your Spells              Type           Power      Damage    Failure   Level
a - Slow                  Hex            16%        N/A       19%         1

Your spell library contained the following spells:

 Spells                   Type           Power      Damage    Failure   Level
 Inner Flame              Hex/Fire       2%         N/A       65%         3
 Portal Projectile        Hex/Tloc       4%         N/A       65%         3
 Cause Fear               Hex            2%         N/A       88%         4

Inventory:

Hand Weapons
 Y - a +1 sling (weapon)
Armour
 b - a +0 cloak (worn)
 g - a +0 leather armour (worn)
Scrolls
 m - a scroll of identify
Potions
 a - a potion of lignification {unknown}
 c - a potion of haste {unknown}
 d - a potion of ambrosia {unknown}
 e - a potion of cancellation {unknown}
 h - a potion of mutation {unknown}
 i - a potion of might {unknown}
 j - a potion of berserk rage {unknown}
 k - a potion of resistance {unknown}
 l - a potion of heal wounds {unknown}

Dungeon Overview and Level Annotations

Branches:
Dungeon (4/15)
 Temple: D:4-7

Altars:
Hepliaklqana

Shops:
D:1 !


Message History

The scorpion poisons you!
You shoot a sling bullet. The sling bullet hits the scorpion.
The scorpion is heavily wounded.
You feel sick. The scorpion closely misses you.
You shoot a sling bullet. The sling bullet hits the scorpion.
The scorpion is severely wounded.
You feel sick. The scorpion stings you.
You shoot a sling bullet.
The sling bullet hits the scorpion but does no damage.
The scorpion is severely wounded.
You feel sick. The scorpion stings you.
You are more poisoned.
The scorpion poisons you! The scorpion stings you.
You shoot a sling bullet. The sling bullet hits the scorpion.
The scorpion is severely wounded.
You feel very sick. The scorpion barely misses you.
You shoot a sling bullet. The sling bullet hits the scorpion.
The scorpion is almost dead.
You feel very sick. The scorpion stings you.
You shoot a sling bullet.
The sling bullet barely misses the scorpion.
You feel very sick. The scorpion stings you.
The scorpion stings you but does no damage.
You shoot a sling bullet.
The sling bullet hits the scorpion but does no damage.
The scorpion is almost dead.
You feel sick. The scorpion stings you.
You are lethally poisoned!
The scorpion poisons you!
You shoot a sling bullet. The sling bullet hits the scorpion.
You kill the scorpion!
You feel very sick.
Your Fighting skill increases to level 4!
There is a lethal amount of poison in your body!
You feel very sick.
There is a lethal amount of poison in your body!
You die...

## ##. ###.# ##..##
##### #####..##
......#### #......##
.......@.### #.###...#
....%.<....## #'# ##..##
............##7.7# #...#
......###...#7...7###..>
##...# ###.#.._..# ##..
..... ###7...7# ##. ....
#~787~ ## .... #~~~~~# #
#~~~~~#


There were no monsters in sight!

Vanquished Creatures
  Sigmund (D:2)
  A scorpion (D:4)
  An orc wizard (D:3)
  4 adders
  2 worms
  A dart slug (D:3)
  6 orcs
  6 endoplasms
  2 giant cockroaches (D:1)
  4 goblins (D:2)
  4 hobgoblins (D:1)
  7 jackals
  A quokka (D:1)
  10 ball pythons
  A bat (D:1)
  4 frilled lizards
  4 kobolds
  6 rats
65 creatures vanquished.

Notes
Turn   | Place    | Note
-------+----------+-------------------------------------------
     0 | D:1      | qw the Minotaur Hexslinger began the quest for the Orb.
     0 | D:1      | Reached XP level 1. HP: 16/16 MP: 1/1
     0 | D:1      | 0 ||| qw: Version: 0.3-a-52-g30416fa
     0 | D:1      | 0 ||| qw: Game counter: 7911
     0 | D:1      | 0 ||| qw: Melee chars always use a shield: true
     0 | D:1      | 0 ||| qw: God list: Okawaru
     0 | D:1      | 0 ||| qw: Allow faded altars: false
     0 | D:1      | 0 ||| qw: Do Orc after clearing Dungeon:15 true
     0 | D:1      | 0 ||| qw: Do second Lair branch before Depths: true
     0 | D:1      | 0 ||| qw: Lair rune preference: random
     0 | D:1      | 0 ||| qw: Goals: Normal
     0 | D:1      | 0 ||| PLANNING D:1-11
   159 | D:1      | Reached skill level 3 in Ranged Weapons
   159 | D:1      | Reached XP level 2. HP: 23/23 MP: 2/2
   189 | D:1      | Found Xucupneoti's Distillery.
   200 | D:1      | 200 ||| SHOPLISTING potion of curing (30 gold, have 3).
   200 | D:1      | 200 ||| SHOPLISTING potion of enlightenment (50 gold, have
                  | 3).
   200 | D:1      | 200 ||| SHOPLISTING potion of haste (100 gold, have 3).
   200 | D:1      | 200 ||| SHOPLISTING potion of might (40 gold, have 3).
   805 | D:1      | 805 ||| DROPPING ring of flight.
   806 | D:1      | 806 ||| READING scroll labelled VUYCKA OXEELI.
   807 | D:1      | 807 ||| READING scroll labelled VASCHO OF RIRYO.
   808 | D:1      | 808 ||| DROPPING scroll of poison.
   842 | D:2      | Reached XP level 3. HP: 22/29 MP: 3/3
   848 | D:2      | 848 ||| FLEEEEING.
   849 | D:2      | 849 ||| FLEEEEING.
   850 | D:2      | 850 ||| FLEEEEING.
   853 | D:2      | 853 ||| STAIRDANCE
  1005 | D:2      | Noticed Sigmund
  1013 | D:2      | Killed Sigmund
  1014 | D:2      | Reached skill level 6 in Ranged Weapons
  1014 | D:2      | Reached XP level 4. HP: 31/36 MP: 4/4
  1014 | D:2      | Reached XP level 5. HP: 35/41 MP: 5/5
  1569 | D:2      | 1569 ||| UPGRADING to +0 leather armour.
  1579 | D:2      | 1579 ||| DROPPING +0 robe.
  1580 | D:2      | 1580 ||| READING scroll labelled XUUCAW JAN.
  1585 | D:2      | 1585 ||| READING 2 scrolls labelled QIUMAGG WEYL.
  1586 | D:2      | 1586 ||| READING 2 scrolls labelled MOPISU JAR GOPI.
  1587 | D:2      | 1587 ||| READING 2 scrolls labelled GALIBLATEBI.
  1588 | D:2      | 1588 ||| DRINKING 2 puce potions.
  1589 | D:2      | 1589 ||| DROPPING potion of brilliance.
  1590 | D:2      | 1590 ||| DROPPING scroll of blinking.
  1591 | D:2      | 1591 ||| DROPPING scroll of amnesia.
  1592 | D:2      | 1592 ||| DROPPING scroll of revelation.
  1684 | D:3      | 1684 ||| Stepping ~*~*~tactically~*~*~ (outnumbered).
  1698 | D:3      | Reached skill level 3 in Fighting
  1716 | D:3      | 1716 ||| FLEEEEING.
  1717 | D:3      | 1717 ||| FLEEEEING.
  1718 | D:3      | 1718 ||| FLEEEEING.
  1723 | D:3      | 1723 ||| FLEEEEING.
  1724 | D:3      | 1724 ||| FLEEEEING.
  1725 | D:3      | 1725 ||| FLEEEEING.
  1726 | D:3      | 1726 ||| FLEEEEING.
  1727 | D:3      | 1727 ||| FLEEEEING.
  1728 | D:3      | 1728 ||| FLEEEEING.
  1734 | D:3      | 1734 ||| FLEEEEING.
  1735 | D:3      | 1735 ||| FLEEEEING.
  1736 | D:3      | 1736 ||| FLEEEEING.
  1737 | D:3      | 1737 ||| FLEEEEING.
  1738 | D:3      | 1738 ||| FLEEEEING.
  1739 | D:3      | 1739 ||| FLEEEEING.
  1740 | D:3      | 1740 ||| FLEEEEING.
  1741 | D:3      | 1741 ||| FLEEEEING.
  1742 | D:3      | 1742 ||| FLEEEEING.
  1743 | D:3      | 1743 ||| FLEEEEING.
  1744 | D:3      | 1744 ||| FLEEEEING.
  1811 | D:3      | Found a faded altar of an unknown god.
  1868 | D:3      | 1868 ||| FLEEEEING.
  1869 | D:3      | 1869 ||| FLEEEEING.
  1870 | D:3      | 1870 ||| FLEEEEING.
  1873 | D:3      | 1873 ||| FLEEEEING.
  1874 | D:3      | 1874 ||| FLEEEEING.
  1875 | D:3      | 1875 ||| FLEEEEING.
  1879 | D:3      | 1879 ||| FLEEEEING.
  1880 | D:3      | 1880 ||| FLEEEEING.
  1885 | D:3      | 1885 ||| FLEEEEING.
  1886 | D:3      | 1886 ||| FLEEEEING.
  1887 | D:3      | 1887 ||| FLEEEEING.
  1888 | D:3      | 1888 ||| FLEEEEING.
  1889 | D:3      | 1889 ||| FLEEEEING.
  1890 | D:3      | 1890 ||| FLEEEEING.
  1893 | D:3      | 1893 ||| FLEEEEING.
  1894 | D:3      | 1894 ||| FLEEEEING.
  1895 | D:3      | 1895 ||| FLEEEEING.
  1896 | D:3      | 1896 ||| FLEEEEING.
  1901 | D:3      | 1901 ||| FLEEEEING.
  1902 | D:3      | 1902 ||| FLEEEEING.
  1908 | D:3      | 1908 ||| FLEEEEING.
  1909 | D:3      | 1909 ||| FLEEEEING.
  1910 | D:3      | 1910 ||| FLEEEEING.
  1911 | D:3      | 1911 ||| FLEEEEING.
  1912 | D:3      | 1912 ||| FLEEEEING.
  1913 | D:3      | 1913 ||| FLEEEEING.
  1914 | D:3      | 1914 ||| FLEEEEING.
  1915 | D:3      | 1915 ||| FLEEEEING.
  1916 | D:3      | 1916 ||| FLEEEEING.
  1917 | D:3      | 1917 ||| FLEEEEING.
  1918 | D:3      | 1918 ||| FLEEEEING.
  1924 | D:3      | 1924 ||| FLEEEEING.
  1925 | D:3      | 1925 ||| FLEEEEING.
  1926 | D:3      | 1926 ||| STAIRDANCE
  1957 | D:2      | 1957 ||| UPGRADING to +0 cloak.
  1962 | D:2      | 1962 ||| READING 2 scrolls labelled VEUH VANWATI.
  1963 | D:2      | 1963 ||| DROPPING scroll of fear.
  1975 | D:3      | Reached skill level 1 in Armour
  1975 | D:3      | Reached XP level 6. HP: 41/51 MP: 6/6
  2686 | D:4      | Found a hazy altar of Hepliaklqana.
  2729 | D:4      | HP: 10/51 [something/puff of flame (7)]
  2730 | D:4      | 2730 ||| READING scroll of teleportation.
  2731 | D:4      | 2731 ||| FLEEEEING.
  2733 | D:4      | 2733 ||| FLEEEEING.
  2734 | D:4      | 2734 ||| FLEEEEING.
  2902 | D:4      | HP: 9/51 [scorpion (4)]
  2903 | D:4      | HP: 4/51 [poisoned by a scorpion]
  2905 | D:4      | Succumbed to a scorpion's poison

Levels and vault maps discovered:
D:1:      minmay_arrival_doors, layout_basic, serial_rivers,
          chequers_serial_rivers_large_a, chequers_serial_rivers_small_b,
          chequers_serial_rivers_micro_c, chequers_serial_rivers_large_b,
          serial_shops, shop
D:2:      layout_loops_cross, uniq_sigmund
D:3:      layout_basic, hellmonk_ecumenical_altar_run_dry
D:4:      minmay_chambers_of_threes, layout_layer_cave,
          worldfamousw_hep_ancestral_shrine, serial_co_window_serial,
          co_window_cross_1, co_window_corner_a, co_window_paths_a,
          co_window_paths_a, co_window_of_opportunity_a,
          co_window_of_opportunity_b, co_window_unsneaky_path_c,
          co_window_corner_cb, co_window_paths_c, co_window_paths_c,
          co_window_corner_b, glass_columns_b, glass_columns_c, glass_columns_b,
          uniq_robin

Skill      XL: |  1  2  3  4  5  6 |
---------------+-------------------+-----
Ranged Weapons | 3 6 |  6.1
Fighting       | 2 3 4 |  4.3
Armour         | 1 |  1.3
Dodging        | |  2.1
Spellcasting   | |  1.0
Hexes          | |  2.0

Action                     |  1- 3 |  4- 6 || total
---------------------------+-------+-------++-------
   Fire: Sling             |    58 |   130 ||   188
    Use: Scroll            |     2 |     6 ||     8
         Potion            |       |     1 ||     1
 Armour: Robe              |     6 |       ||     6
         Leather armour    |       |    17 ||    17
  Dodge: Dodged            |    23 |    36 ||    59

Table legend:
 A = Non-vault XP
 B = Vault XP
 C = Vault XP percentage of total XP
 D = Non-vault monster count
 E = Vault monster count
 F = Vault count percentage of total count
                 A         B        C        D         E       F
            +---------+---------+-------+---------+---------+-------
      Total |     279 |     226 |  44.8 |      64 |       1 |   1.5
            +---------+---------+-------+---------+---------+-------
        D:1 |      31 |       0 |   0.0 |      20 |       0 |   0.0
        D:2 |      47 |     226 |  82.8 |      12 |       1 |   7.7
        D:3 |      95 |       0 |   0.0 |      25 |       0 |   0.0
        D:4 |     106 |       0 |   0.0 |       7 |       0 |   0.0
            +---------+---------+-------+---------+---------+-------
